Map: Realities Simulation LE

Players

Alebay - Winner!

  • Race: Protoss Protoss
  • Spawn Location: 6:00

PiPuxD - Winner!

  • Race: Terran Terran
  • League: Gold
  • Spawn Location: 3:00

MattBarry - Winner!

  • Race: Zerg Zerg
  • League: Gold
  • Spawn Location: 5:00

Matzazz

  • Race: Terran Terran
  • Spawn Location: 9:00

RatBstrd

  • Race: Protoss Protoss
  • Spawn Location: 11:00

Olax

  • Race: Zerg Zerg
  • Spawn Location: 12:00

VOD

Have the link to the VOD?

Description

Time

  • Played on: Jan. 29, 2023, 4:08 a.m.
  • Length: 8:25
Show
View Real Time Build Order
Export as new Build Order

Alebay Protoss - Winner!

Build Orders:  

Get SALT Encoding   

  12  0:00  Probe  
  13  0:12  Probe  
  14  0:18  Pylon  
  14  0:24  Probe  
  15  0:37  Gateway  
  15  0:38  Probe  
  16  0:46  Assimilator  
  16  0:50  Probe  
  17  1:02  Probe  
  18  1:14  Probe  
  19  1:25  Cybernetics Core  
  19  1:26  Probe  
  20  1:37  Assimilator  
  20  1:38  Probe  
  21  1:50  Probe  
  21  1:52  Warp Gate (Chrono Boost)  
  22  1:54  Pylon, Nexus  
  22  2:10  Probe  
  22  2:12  Adept  
  25  2:22  Probe  
  26  2:35  Probe  
  27  2:42  Stalker  
  29  2:50  Robotics Facility  
  29  2:52  Probe  
  30  2:59  Twilight Council  
  30  3:00  Gateway  
  30  3:05  Probe  
  31  3:06  Probe  
  32  3:18  Probe x2  
  34  3:21  Stalker  
  36  3:32  Gateway  
  36  3:34  Probe  
  36  3:35  Probe  
  38  3:43  Immortal (Chrono Boost)  
  38  3:47  Probe x2  
  44  3:55  Stalker  
  41  4:34  Adept x2  
  41  4:35  Adept  
  43  5:05  Probe x2  
  42  5:11  Adept x2  
  46  5:18  Pylon  
  46  5:20  Pylon  
  46  5:21  Pylon  
  46  5:36  Probe x2 (Chrono Boost)  
  46  5:38  Adept x3  
  46  5:41  Blink (Chrono Boost)  
  54  5:48  Probe (Chrono Boost)  
  54  5:49  Probe (Chrono Boost)  
  56  5:54  Probe x2 (Chrono Boost)  
  58  6:00  Nexus  
  58  6:01  Assimilator  
  58  6:02  Probe x2  
  64  6:04  Immortal  
  64  6:11  Pylon  
  64  6:12  Pylon  
  64  6:14  Probe (Chrono Boost)  
  64  6:15  Probe (Chrono Boost)  
  66  6:28  Probe (Chrono Boost)  
  66  6:29  Probe (Chrono Boost)  
  68  6:35  Adept x3  
  68  6:39  Probe x2 (Chrono Boost)  
  76  6:50  Probe x2  
  76  6:54  Pylon  
  78  6:58  Pylon  
  78  7:00  Pylon  
  78  7:02  Adept x3  
  78  7:04  Probe (Chrono Boost)  
  78  7:05  Probe (Chrono Boost)  
  86  7:11  Pylon  
  87  7:17  Probe x2 (Chrono Boost)  
  87  7:18  Probe (Chrono Boost)  
  89  7:25  Gateway  
  89  7:26  Gateway, Probe x2 (Chrono Boost)  
  89  7:27  Probe (Chrono Boost)  
  89  7:28  Gateway  
  92  7:34  Probe  
  92  7:35  Probe  
  92  7:36  Adept x3  
  100  7:37  Probe  
  101  7:53  Probe x2  
  101  7:54  Probe  
  101  7:58  Assimilator  
  104  8:01  Assimilator  
  104  8:05  Probe  
  104  8:06  Probe x2  
Show
View Real Time Build Order
Export as new Build Order

PiPuxD Terran - Winner!

Build Orders: 2 Factory, Reaper Expand, Mech 

Get SALT Encoding   

  12  0:00  SCV  
  13  0:12  SCV  
  14  0:17  Supply Depot  
  14  0:24  SCV  
  15  0:38  SCV  
  15  0:40  Barracks  
  16  0:44  Refinery  
  16  0:50  SCV  
  17  1:03  SCV  
  18  1:15  SCV  
  19  1:27  Orbital Command  
  19  1:28  Reaper  
  20  1:34  Refinery  
  20  1:48  Command Center  
  20  1:52  SCV  
  21  1:59  Supply Depot  
  21  2:02  Barracks Reactor  
  21  2:07  SCV  
  22  2:19  SCV  
  22  2:21  Factory  
  23  2:33  SCV  
  24  2:45  SCV  
  24  2:48  Marine x2  
  27  2:57  SCV  
  28  3:01  Orbital Command, Factory  
  27  3:15  SCV  
  27  3:19  Barracks Tech Lab  
  28  3:21  Hellion x2  
  32  3:28  Supply Depot  
  32  3:30  SCV  
  32  3:31  Supply Depot, SCV  
  34  3:43  SCV, Hellion x2  
  34  3:44  SCV  
  40  4:04  Hellion x2  
  40  4:05  Hellion  
  34  4:33  Hellion x2  
  31  4:55  Hellion  
  33  5:16  SCV x2  
  35  5:25  Hellion x2  
  41  5:28  SCV x2  
  43  5:38  Starport  
  43  5:39  Barracks Reactor  
  43  5:40  SCV  
  43  5:41  SCV  
  43  5:43  Infernal Pre-Igniter  
  43  5:44  Siege Tank  
  43  5:46  Hellion x2  
  50  5:53  Supply Depot x2, SCV x2  
  52  5:59  Armory  
  52  6:05  SCV x2  
  54  6:17  SCV x2, Siege Tank  
  59  6:21  Hellion x2  
  63  6:27  Supply Depot  
  63  6:38  SCV x2  
  65  6:41  Refinery  
  65  6:43  Hellion x2  
  65  6:44  Liberator x2  
  75  6:49  Siege Tank  
  78  6:57  Supply Depot  
  78  7:00  Supply Depot  
  78  7:03  SCV x2  
  78  7:06  Hellion  
  78  7:07  Hellion  
  84  7:12  Factory  
  84  7:15  SCV x2  
  86  7:18  Refinery  
  86  7:25  Siege Tank  
  86  7:27  SCV x2  
  91  7:43  SCV  
  91  7:44  SCV  
  93  7:56  SCV  
  93  7:57  SCV  
  95  8:01  Factory Tech Lab, Hellion x2  
  95  8:03  Command Center  
  102  8:08  SCV  
Show
View Real Time Build Order
Export as new Build Order

MattBarry Zerg - Winner!

Build Orders: Hatch First 

Get SALT Encoding   

  12  0:00  Drone  
  13  0:12  Overlord  
  13  0:18  Drone  
  14  0:30  Drone  
  14  0:31  Drone  
  16  0:50  Hatchery  
  16  0:56  Drone  
  16  0:58  Drone  
  17  1:10  Drone  
  18  1:14  Extractor  
  18  1:16  Spawning Pool  
  16  1:21  Drone  
  16  1:22  Drone  
  18  1:42  Drone x2  
  20  1:50  Drone  
  21  2:05  Zergling x2  
  21  2:07  Zergling x2, Queen  
  25  2:10  Queen  
  25  2:14  Metabolic Boost  
  27  2:29  Drone  
  28  2:33  Overlord  
  28  2:56  Drone x6  
  34  3:03  Evolution Chamber  
  33  3:07  Roach Warren  
  33  3:08  Extractor  
  33  3:12  Queen  
  33  3:21  Baneling Nest, Drone x4  
  33  3:22  Overlord  
  36  3:29  Zerg Melee Weapons Level 1  
  36  3:43  Lair  
  36  3:47  Extractor, Drone x4  
  39  3:48  Extractor  
  39  3:52  Zergling x4  
  40  3:56  Zergling x2  
  40  3:57  Zergling x2  
  40  4:05  Baneling  
  40  4:06  Baneling x3  
  40  4:09  Zergling x4  
  40  4:17  Baneling x2  
  40  4:18  Baneling  
  40  4:19  Roach  
  39  4:39  Zergling x10  
  41  4:51  Queen x2  
  43  4:55  Overlord  
  43  5:41  Zergling x10  
  43  5:42  Zergling x8  
  52  5:58  Overlord x2  
  45  6:45  Zergling x14  
  45  6:46  Zergling x10  
  55  6:56  Zergling x6  
  58  7:05  Centrifugal Hooks  
  58  7:11  Hatchery  
  58  7:13  Baneling x5  
  58  7:14  Baneling, Zergling x2  
  58  7:15  Zergling x4  
  60  7:25  Zergling x2  
  60  7:26  Zergling x10  
  66  7:36  Baneling x4  
  66  7:37  Baneling x2  
  66  7:53  Baneling x6  
  66  7:55  Zergling x4  
  66  7:57  Overlord x4  
Show
View Real Time Build Order
Export as new Build Order

Matzazz Terran 

Build Orders:  

Get SALT Encoding   

  12  0:02  SCV  
  14  0:14  SCV  
  14  0:22  Supply Depot  
  14  0:26  SCV  
  15  0:49  Barracks  
  15  0:50  Barracks  
  15  1:01  Barracks  
  15  1:20  Barracks  
  15  1:39  Barracks  
  15  1:43  Supply Depot  
  15  1:55  Marine  
  15  2:00  Marine  
  15  2:01  Marine  
  18  2:09  Marine  
  18  2:13  Marine  
  20  2:18  Marine  
  20  2:19  Marine  
  22  2:25  Marine  
  22  2:26  Marine  
  24  2:31  Marine  
  24  2:36  Marine x2  
  26  2:43  Marine  
  28  2:44  Marine  
  28  2:48  Marine  
  30  2:54  Marine  
  31  3:29  Orbital Command  
  31  3:51  Marine x3  
  3  4:54  SCV  
  1  6:01  SCV  
  1  6:02  Factory  
  2  6:13  SCV  
  3  6:25  SCV  
  4  6:37  SCV  
  5  6:49  SCV  
  5  6:52  Factory Tech Lab  
  6  6:55  Refinery  
  6  6:58  Refinery  
  6  7:01  SCV  
  7  7:14  SCV  
  11  7:15  Siege Tank  
  11  7:26  SCV  
  12  7:38  SCV  
  13  7:47  Siege Tank  
  13  7:50  SCV  
  17  8:02  SCV  
Show
View Real Time Build Order
Export as new Build Order

RatBstrd Protoss 

Build Orders:  

Get SALT Encoding   

  12  0:02  Probe (Chrono Boost)  
  13  0:12  Probe (Chrono Boost)  
  14  0:17  Probe (Chrono Boost)  
  15  0:25  Pylon  
  15  0:46  Gateway  
  15  0:48  Gateway  
  15  0:58  Gateway  
  15  1:08  Probe (Chrono Boost)  
  17  1:19  Probe (Chrono Boost)  
  17  1:24  Probe (Chrono Boost)  
  18  1:34  Assimilator, Probe  
  18  1:39  Cybernetics Core  
  19  1:42  Pylon  
  19  1:52  Zealot x2  
  23  2:00  Zealot  
  25  2:19  Zealot x2  
  29  2:27  Zealot  
  31  2:44  Pylon  
  31  2:45  Pylon  
  31  2:49  Twilight Council  
  31  3:11  Zealot  
  31  3:12  Zealot x2  
  37  3:22  Charge (Chrono Boost)  
  37  3:31  Forge  
  37  3:38  Zealot  
  37  3:39  Zealot x2  
  28  4:47  Stalker x3  
  24  5:17  Stalker x2 (Chrono Boost)  
  24  5:20  Stalker (Chrono Boost)  
  30  6:19  Probe  
  30  6:20  Assimilator  
  31  6:27  Probe  
  30  6:37  Probe  
  21  6:49  Probe  
  22  7:54  Stalker x3  
Show
View Real Time Build Order
Export as new Build Order

Olax Zerg 

Build Orders: Pool First 

Get SALT Encoding   

  12  0:08  Drone x2  
  14  0:18  Overlord  
  14  0:37  Spawning Pool  
  14  0:38  Drone  
  14  0:44  Drone  
  14  0:46  Drone  
  17  0:57  Drone  
  17  1:01  Extractor  
  17  1:03  Drone  
  17  1:15  Drone  
  18  1:24  Queen  
  20  1:26  Drone  
  21  1:35  Overlord  
  21  1:46  Drone  
  22  1:56  Drone  
  22  1:59  Queen  
  25  2:17  Drone  
  25  2:19  Metabolic Boost  
  25  2:22  Hatchery  
  25  2:23  Drone  
  25  2:26  Extractor  
  25  2:31  Zergling x2  
  25  2:33  Zergling x4  
  25  2:35  Zergling x2  
  29  2:45  Zergling x2  
  30  2:57  Overlord  
  30  3:06  Lair  
  30  3:17  Overlord x3  
  30  3:23  Zergling x4  
  32  3:32  Zergling x2  
  33  3:40  Zergling x2  
  34  3:43  Zergling x2  
  34  3:46  Zergling x6  
  38  4:02  Zergling x2  
  39  4:09  Zergling x2  
  40  4:10  Zergling x4  
  40  4:15  Zergling x6  
  40  4:16  Zergling x2  
  28  5:01  Drone x2  
  28  5:02  Drone x2  
  29  5:14  Drone x3  
  30  5:19  Hatchery  
  31  5:25  Drone, Hydralisk Den  
  31  5:26  Nydus Network, Drone x2  
  31  5:28  Drone  
  33  5:31  Extractor  
  33  5:34  Extractor  
  31  5:38  Zergling x4  
  31  5:39  Zergling x4  
  35  5:47  Baneling Nest  
  34  6:04  Zergling x2  
  34  6:05  Zergling x4  
  34  6:11  Hydralisk x5  
  37  6:14  Grooved Spines  
  41  6:35  Zergling x8  
  45  6:40  Zergling x6  
  47  7:02  Drone x2  
  47  7:03  Queen  
  47  7:05  Overlord x3  
  47  7:07  Hydralisk x2  
  55  7:13  Drone x3  
  58  7:19  Extractor  
  58  7:20  Extractor  
  56  7:33  Hydralisk x3  
  62  7:39  Queen  
  62  7:41  Drone x2  
  66  7:56  Drone  
  66  7:57  Drone x2  
Tags
 
Add a new tag
Caveats
  • Supply blocks, unpowered buildings, or Contaminate may cause inaccurate times.
  • Supply counts are checked every 10 seconds.